 Dungeon Crawl Stone Soup version 0.27-a0-1378-gdefffd1ff6 (webtiles) character file.

Game seed: 17647022537176833954

3311 flotson the Nimble (level 9, -2/45 HPs)
             Began as a Felid Berserker on June 30, 2021.
             Was a High Priest of Trog.
             Slain by a cane toad (16 damage)
             ... on level 1 of the Lair of Beasts.
             The game lasted 00:34:02 (16091 turns).

flotson the Nimble (Felid Berserker)               Turns: 16091, Time: 00:34:03

Health: -2/45      AC:  2    Str: 16    XL:     9   Next: 70%
Magic:  10/10      EV: 23    Int: 10    God:    Trog [*****.]
Gold:   2144       SH:  0    Dex: 15    Spells: 8/8 levels left
                                        Lives:  0   Deaths: 3

rFire    . . .     SeeInvis +     - Unarmed
rCold    . . .     Faith    .   (shield unavailable)
rNeg     . . .     Spirit   .   (armour unavailable)
rPois    +         Reflect  .   (helmet unavailable)
rElec    .         Harm     .   (cloak unavailable)
rCorr    .         Rampage  .   (gloves unavailable)
Will     +....                  (boots unavailable)
Stlth    +++++.....             r - amulet of the acrobat
HPRegen  0.15/turn              t - ring of poison resistance
MPRegen  0.12/turn              (no ring)

@: on berserk cooldown, slowed, slow
A: very small, claws 1, fangs 3, see invisible, speed 1, shaggy fur 2, stealthy
paws, no weapons or thrown items, no armour, multi-lived
a: Renounce Religion, Berserk, Trog's Hand, Brothers in Arms


You were on level 1 of the Lair of Beasts.
You worshipped Trog.
Trog was extremely pleased with you.
You visited 2 branches of the dungeon, and saw 11 of its levels.
You also visited: Bailey.

You collected 2144 gold pieces.

Inventory:

Jewellery
 b - a +4 ring of evasion
 r - an amulet of the acrobat (around neck)
 t - a ring of poison resistance (left paw)
Wands
 a - a wand of polymorph (7)
 d - a wand of iceblast (7)
 m - a wand of flame (46)
 o - a wand of digging (7)
 y - a wand of charming (7)
Scrolls
 c - a scroll of teleportation
 n - a scroll of blinking {unknown}
 x - a scroll of vulnerability {unknown}
Potions
 e - 2 potions of heal wounds
 i - 2 potions of might
 k - 4 potions of curing
 l - 3 potions of lignification
 p - 3 potions of flight
 q - a potion of ambrosia
 u - a potion of cancellation
 v - a potion of invisibility
Miscellaneous
 w - a piece from Xom's chessboard (15/15)


   Skills:
 + Level 8.7 Fighting
 + Level 11.3 Dodging
 + Level 11.1 Stealth
 + Level 8.9 Unarmed Combat
 + Level 8.7 Evocations


You had 8 spell levels left.
You didn't know any spells.
Your spell library was empty.

Dungeon Overview and Level Annotations

Branches:
Dungeon (10/15)            Temple (0/1) D:7            Lair (1/6) D:8
    Orc (0/2) D:10         Bailey (visited)

Altars:
Vehumet


Innate Abilities, Weirdness & Mutations

You have sharp claws.
You have razor-sharp teeth.
You have supernaturally acute eyesight. (SInv)
You cover ground quickly. (Speed+)
You are covered in thick fur. (AC +2)
Your paws help you pounce on unaware monsters.
You are incapable of wielding weapons or throwing items.
You cannot wear armour.
You gain extra lives every three experience levels.


Message History

The cane toad gives a loud, deep croak!
You hear a croak.
A red film seems to cover your vision as you go berserk!
You feel yourself moving faster!
You feel mighty!
A cane toad comes into view.
The cane toad stings you!
You barely miss the cane toad.
The cane toad gives a loud, deep croak!
You scratch the cane toad.
The cane toad is lightly wounded.
The cane toad completely misses you.
You claw the cane toad! x2
The cane toad is severely wounded.
The cane toad stings you!!
You are poisoned.
The cane toad poisons you!
You claw the cane toad!
You kill the cane toad!
Trog accepts your kill.
You feel very sick.
You are too berserk!
You feel very sick.
You feel a strong urge to attack something.
You feel very sick.
You feel sick.
You feel your anger nearly subside.
You are no longer berserk.
Trog's vigour flows through your veins.
You are exhausted.
You feel yourself slow down.
* * * LOW HITPOINT WARNING * * *
You feel sick.
* * * LOW HITPOINT WARNING * * *
You feel very sick.
* * * LOW HITPOINT WARNING * * *
You feel sick.
You feel better. The cane toad completely misses you.
The cane toad barely misses you.
There is a staircase back to the Dungeon here.
The cane toad misses you. The cane toad stings you!
You die...

#. #.# #.############.
#. #..............
..... #..............
.....## #.....F@.......
.....#.##..............
.......................
...........########....
..........## ...
##.##.....# ..
..........## .
....#......##.##
.................


You could see a cane toad.

Vanquished Creatures
  A centaur warrior (D:10)
  2 two-headed ogres (D:10)
  An orc knight (Bailey)
  A cyclops (D:8)
  A centaur zombie (D:10)
  A cane toad (Lair:1)
  Psyche (D:9)
  Prince Ribbit (D:7)
  A hornet (D:9)
  Sigmund (D:3)
  2 wyverns (D:10)
  11 yaks
  Menkaure (D:4)
  Edmund (D:5)
  Duvessa (D:5)
  3 ice beasts
  7 orc warriors
  3 ogres
  2 phantoms (D:6)
  3 centaurs
  3 kobold brigands
  A gnoll sergeant (D:9)
  A scorpion (D:4)
  Dowan (D:5)
  A water moccasin zombie (D:3)
  6 killer bees (D:8)
  5 howler monkeys
  11 wights
  3 hounds
  Crazy Yiuf (D:3)
  3 jellies
  6 orc priests
  A bullfrog skeleton (D:7)
  2 centaur skeletons (D:6)
  An iguana (D:7)
  11 orc wizards
  2 scorpion zombies (D:5)
  A killer bee zombie (D:6)
  A hound skeleton (D:4)
  Robin (D:2)
  A howler monkey skeleton (D:5)
  2 howler monkey zombies (D:9)
  9 adders
  12 gnolls
  2 white imps
  An ufetubus (D:6)
  An adder skeleton (D:4)
  5 dart slugs
  33 orcs
  10 endoplasms
  8 giant cockroaches
  15 goblins
  10 hobgoblins
  6 jackals
  35 kobolds
  7 quokkas
  6 ball pythons
  6 bats
  A frilled lizard (D:2)
  A jackal skeleton (D:4)
  8 rats
286 creatures vanquished.

Vanquished Creatures (collateral kills)
  A wyvern (D:8)
  A sky beast (D:8)
  3 killer bees (D:8)
  A goblin (Bailey)
  4 kobolds (Bailey)
10 creatures vanquished.

Vanquished Creatures (others)
  A killer bee (D:8)
  A bullfrog (D:8)
  2 goblins (D:8)
  5 fungi (D:8)
  5 plants (D:8)
14 creatures vanquished.

Grand Total: 310 creatures vanquished

Notes
Turn   | Place    | Note
-------+----------+-------------------------------------------
     0 | D:1      | flotson the Felid Berserker began the quest for the Orb.
     0 | D:1      | Reached XP level 1. HP: 10/10 MP: 2/2
    46 | D:1      | Found a faded altar of an unknown god.
    47 | D:1      | Noticed a floating eye
    49 | D:1      | Noticed a great orb of eyes
    49 | D:1      | Noticed an eye of devastation
    49 | D:1      | Noticed an eye of devastation
   280 | D:1      | Reached XP level 2. HP: 14/14 MP: 3/3
   946 | D:2      | Reached ** piety under Trog
  1022 | D:2      | Reached XP level 3. HP: 14/17 MP: 4/4
  1657 | D:2      | Noticed Robin
  1679 | D:2      | Killed Robin
  1967 | D:2      | Reached XP level 4. HP: 16/21 MP: 5/5
  2280 | D:2      | Reached skill level 1 in Stealth
  2691 | D:3      | Reached skill level 5 in Dodging
  2691 | D:3      | Reached skill level 1 in Evocations
  2904 | D:3      | Reached *** piety under Trog
  2906 | D:3      | Reached XP level 5. HP: 18/25 MP: 6/6
  3585 | D:3      | Noticed Sigmund
  3601 | D:3      | Killed Sigmund
  3602 | D:3      | Gained mutation: You are covered in thick fur. (AC +2)
                  | [Felid growth]
  3602 | D:3      | Reached XP level 6. HP: 24/28 MP: 7/7
  4216 | D:3      | Found a runed translucent door.
  4217 | D:3      | Noticed Crazy Yiuf
  4227 | D:3      | Killed Crazy Yiuf
  4581 | D:4      | Reached XP level 7. HP: 32/33 MP: 8/8
  4740 | D:4      | HP: 1/33 [orc wizard (2)]
  4882 | D:4      | Noticed Menkaure
  5076 | D:4      | Killed Menkaure
  5077 | D:4      | Reached skill level 5 in Unarmed Combat
  5599 | D:5      | Entered Level 5 of the Dungeon
  5600 | D:5      | Noticed Dowan
  5605 | D:5      | Noticed Duvessa
  5612 | D:5      | Killed Duvessa
  5613 | D:5      | Reached skill level 5 in Stealth
  5614 | D:5      | Killed Dowan
  5615 | D:5      | Reached skill level 5 in Fighting
  5615 | D:5      | Reached XP level 8. HP: 37/37 MP: 9/9
  5816 | D:5      | Reached **** piety under Trog
  6711 | D:6      | Noticed Edmund
  6771 | D:5      | Killed Edmund
  7647 | D:6      | Reached skill level 5 in Evocations
  7805 | D:6      | Reached XP level 9. HP: 39/41 MP: 10/10
  7962 | D:7      | Noticed Prince Ribbit
  8206 | D:7      | Killed Prince Ribbit
  8483 | D:7      | Identified the +1 scale mail of Mopude {Int+6 Dex-5}
  8538 | D:7      | Paralysed by a centaur for 5 turns
  8753 | D:7      | HP: 2/42 [ice beast (11)]
  9125 | D:7      | Found a staircase to the Ecumenical Temple.
  9433 | D:8      | Noticed a cyclops
  9447 | D:8      | Found a flagged portal.
  9451 | D:8      | Slain by a killer bee
  9452 | D:8      | Reached XP level 8. HP: -3/39 MP: 9/9
  9458 | D:8      | Found a radiant altar of Vehumet.
  9493 | Bailey   | Entered a bailey
  9527 | Bailey   | Noticed an orc knight
  9991 | Bailey   | HP: 1/58 [orc knight (26)]
 10462 | Bailey   | Reached XP level 9. HP: 28/43 MP: 10/10
 10723 | Bailey   | Killed an orc knight
 11364 | D:8      | Found a staircase to the Lair.
 11477 | D:8      | Killed a cyclops
 12323 | D:9      | Reached skill level 10 in Dodging
 12722 | D:9      | Noticed Psyche
 12725 | D:9      | Killed Psyche
 12726 | D:9      | Reached XP level 10. HP: 47/47 MP: 11/11
 13795 | D:10     | Entered Level 10 of the Dungeon
 13824 | D:10     | Noticed a centaur warrior
 13837 | D:10     | Killed a centaur warrior
 13838 | D:10     | Reached skill level 10 in Stealth
 14393 | D:10     | Noticed a two-headed ogre
 14405 | D:10     | Killed a two-headed ogre
 14623 | D:10     | Reached ***** piety under Trog
 14649 | D:10     | HP: 1/48 [yak (14)]
 14649 | D:10     | Slain by a yak
 14650 | D:10     | Reached XP level 9. HP: -4/44 MP: 10/10
 15070 | D:10     | Noticed a two-headed ogre
 15073 | D:10     | Killed a two-headed ogre
 15074 | D:10     | Reached XP level 10. HP: 47/49 MP: 11/11
 15753 | D:10     | Found a staircase to the Orcish Mines.
 15925 | D:10     | Mangled by a yak
 15926 | D:10     | Reached XP level 9. HP: -7/45 MP: 10/10
 16060 | Lair:1   | Entered Level 1 of the Lair of Beasts
 16069 | Lair:1   | Noticed a cane toad
 16074 | Lair:1   | Noticed a cane toad
 16078 | Lair:1   | Killed a cane toad
 16091 | Lair:1   | Slain by a cane toad

Illustrated notes

Levels and vault maps discovered:
D:1:      dpeg_arrival_rooms_b, layout_basic,
          hellmonk_ecumenical_altar_watching_god
D:2:      layout_basic, uniq_robin
D:3:      layout_basic, saegor_snake_ambush, uniq_sigmund,
          uniq_crazy_yiuf_cottage
D:4:      layout_basic, minmay_misc_feat_iff, minmay_misc_feat_square,
          st_stairs_12, minmay_misc_feat_plants, palyth_stone_intersect,
          kennysheep_generic_room_10, uniq_menkaure
D:5:      layout_rooms, uniq_duvessa
D:6:      layout_loops_cross, serial_park_tiny_pond, grunt_ministairs_2,
          uniq_edmund
D:7:      layout_rooms, temple_doors_e, uniq_prince_ribbit1
D:8:      layout_cave_pools, lemuel_tele_altar, dpeg_oklobed_lair,
          enter_bailey_4
D:9:      layout_basic, grunt_ogre_cave, uniq_psyche
D:10:     layout_rooms, hiddenorc1_lemuel
Lair:1:   layout_chaotic_city, serial_bayou_shore_b

Skill      XL: |  1  2  3  4  5  6  7  8  9 10 |
---------------+-------------------------------+-----
Stealth        | 1 3 4 5 7 9 11 | 11.1
Dodging        | 5 6 8 11 | 11.3
Unarmed Combat | 4 5 7 8 |  8.9
Evocations     | 1 2 3 5 7 8 |  8.7
Fighting       | 4 5 7 8 |  8.7

Action                   |  1- 3 |  4- 6 |  7- 9 | 10-12 || total
-------------------------+-------+-------+-------+-------++-------
Melee: Unarmed           |   115 |   157 |   560 |   197 ||  1029
       Bite              |    11 |    19 |    47 |    27 ||   104
       Punch             |     2 |     3 |    20 |    12 ||    37
Invok: Berserk           |     3 |     6 |    21 |     3 ||    33
       Trog's Hand       |       |     1 |     8 |       ||     9
       Brothers in Arms  |       |       |     2 |       ||     2
Evoke: Wand              |       |       |    19 |       ||    19
       Piece from Xom's  |       |       |     3 |       ||     3
  Use: Potion            |       |       |     9 |       ||     9
       Scroll            |       |       |    18 |       ||    18
 Stab: Sleeping          |     2 |     4 |    12 |     2 ||    20
       Distracted        |       |       |       |     1 ||     1
Armor: Skin              |     6 |     3 |    24 |     7 ||    40
Dodge: Dodged            |    87 |   121 |   600 |   161 ||   969

Table legend: (Time is in decaauts)
 A = Elapsed time spent in this place.
 B = Non-inter-level travel time spent in this place.
 C = Inter-level travel time spent in this place.
 D = Time resting spent in this place.
 E = Time spent auto-exploring this place.
 F = Levels seen in this place.
 G = Mean time per level.
                   A        B        C        D        E       F      G
               +--------+--------+--------+--------+--------+-----+--------+
         Total |  14949 |  14705 |    244 |   2170 |   9916 |  12 | 1245.8 |
       Dungeon |  13647 |  13404 |    243 |   1480 |   9757 |  10 | 1364.7 |
          Lair |     27 |     27 |      0 |      0 |      6 |   1 |   27.0 |
        Bailey |   1275 |   1275 |      0 |    689 |    152 |   1 | 1275.0 |
               +--------+--------+--------+--------+--------+-----+--------+

Top non-repeatable levels by time:
     D:9: 2092 daAuts
     D:2: 1764 daAuts
    D:10: 1482 daAuts
     D:3: 1339 daAuts
     D:7: 1303 daAuts
     D:5: 1281 daAuts
  Bailey: 1275 daAuts
     D:8: 1229 daAuts
     D:4: 1228 daAuts
     D:6: 1062 daAuts
     D:1: 864 daAuts
  Lair:1: 27 daAuts
